 Dungeon Crawl Stone Soup version 0.28.0-45-g0d030f2227 (webtiles) character file.

Game seed: 12620618473996224757

170 DuloT34 the Shooter (level 5, 0/37 HPs)
             Began as a Barachi Arcane Marksman on Apr 18, 2022.
             Slain by a scorpion (8 damage)
             ... on level 3 of the Dungeon.
             The game lasted 00:11:25 (3393 turns).

DuloT34 the Shooter (Barachi Arcane Marksman)       Turns: 3393, Time: 00:11:26

Health: 0/37       AC:  5    Str: 11    XL:     5   Next: 50%
Magic:  10/10      EV: 12    Int: 14    God:
Gold:   161        SH:  0    Dex: 14    Spells: 7/11 levels left

rFire   . . .      SeeInvis .   a - +0 shortbow
rCold   . . .      Faith    .   (shield currently unavailable)
rNeg    . . .      Spirit   .   d - +0 robe
rPois   .          Reflect  .   (no helmet)
rElec   .          Harm     .   (no cloak)
rCorr   .          Rampage  .   (no gloves)
Will    .....                   l - +2 pair of boots
Stlth   +.........              (no amulet)
HPRegen 0.12/turn               (no ring)
MPRegen 0.12/turn               (no ring)

@: unable to hop, slow
A: amphibious, slowness 1, strong legs 1, +LOS
a: Hop


You were on level 3 of the Dungeon.
You visited 1 branch of the dungeon, and saw 4 of its levels.

You collected 161 gold pieces.

Inventory:

Hand Weapons
 a - a +0 shortbow (weapon)
Missiles
 c - 43 arrows (quivered ammo)
Armour
 b - a +0 pair of boots
 d - a +0 robe (worn)
 l - a +2 pair of boots (worn)
Jewellery
 i - a ring of see invisible
Scrolls
 h - a scroll of identify
Potions
 g - a potion of ambrosia {unknown}
 j - 2 potions of might {unknown}


   Skills:
 - Level 1.2 Fighting
 + Level 3.9 Bows
 - Level 2.1 Dodging
 + Level 3.5 Spellcasting
 + Level 3.7 Hexes


You had 7 spell levels left.
You knew the following spells:

 Your Spells              Type           Power      Damage    Failure   Level
a - Slow                  Hex            48%        N/A       4%          1
b - Portal Projectile     Hex/Tloc       14%        N/A       28%         3

Your spell library contained the following spells:

 Spells                   Type           Power      Damage    Failure   Level
 Inner Flame              Hex/Fire       7%         N/A       28%         3
 Cause Fear               Hex            6%         N/A       41%         4


Dungeon Overview and Level Annotations

Branches:
Dungeon (4/15)
 Temple: D:4-7

Altars:
Yredelemnul


Innate Abilities, Weirdness & Mutations

You are amphibious.
You cover ground slowly.
You can hop short distances.
You have an extended range of vision and can be seen from far away.


Message History

Confirm with . or Enter, or press ? or * to list all spells.
Aiming: Slow (safe; 4% risk of failure)
Press: ? - help, Shift-Dir - straight line, f/p - scorpion
Aim: a scorpion (lightly wounded, chance to affect: 50%)
The scorpion seems to slow down.
The scorpion stings you but does no damage.
There is a stone staircase leading up here.
You climb upwards.
There is a stone staircase leading down here.
You shoot an arrow. The arrow barely misses the scorpion.
The scorpion stings you but does no damage.
You shoot an arrow.
The arrow hits the scorpion but does no damage.
The scorpion is lightly wounded.
The scorpion stings you.
Okay, then.
As you read the scroll labelled UKHLO JILASM, it crumbles to dust.
You feel momentarily disoriented.
It was a scroll of magic mapping.
The scorpion stings you.
You are poisoned.
The scorpion poisons you!
As you read the scroll labelled MONEADW SULEH, it crumbles to dust.
The scroll dissolves into smoke.
It was a scroll of fog.
You feel very sick. The scorpion closely misses you.
You feel very sick.
You feel sick. The scorpion closely misses you.
You feel sick.
You feel sick.
You feel better.
Okay, then.
The scorpion is no longer moving slowly.
The scorpion barely misses you.
There is a stone staircase leading up here.
The scorpion barely misses you.
The scorpion stings you but does no damage.
The scorpion stings you.
* * * LOW HITPOINT WARNING * * *
The scorpion stings you!
You die...

####P≈.≈.≈....##########....
######....≈♣≈♣≈≈≈P......<........
.......#.≈♣♣♣♣♣≈≈≈.#######.......
########.≈≈♣ ♣≈≈P## #.##....
.#....(..≈≈♣♣♣♣≈P.########.##....
>#....<..≈≈≈≈≈♣≈≈...(...##.##....
.#§§.....≈≈≈≈≈..≈#..).÷..........
§#§.......≈P≈.#########...######.
§§§§...........s@........## ##...
#§§§......##############.# ##..#.
##§§§.....# #.###..#.. #§§§.....#
###.....##.. ##.####.########
##..|######.. #..#
#..##....#####........#... ##.#
##.##....##....#......#.#. #.##
#.##....##.####......#.#. #..#
#.##.......# #......#.#.


You could see a scorpion.

Vanquished Creatures
  An iguana (D:3)
  A gnoll (D:1)
  4 adders
  6 worms
  A dart slug (D:1)
  5 orcs (D:3)
  6 ball pythons
  3 bats
  5 endoplasms
  4 giant cockroaches
  7 hobgoblins
  4 jackals (D:1)
  5 quokkas
  4 frilled lizards
  7 goblins
  4 kobolds
  6 rats
73 creatures vanquished.

Vanquished Creatures (others)
  16 plants (D:3)
16 creatures vanquished.

Grand Total: 89 creatures vanquished

Notes
Turn   | Place    | Note
-------+----------+-------------------------------------------
     0 | D:1      | DuloT34 the Barachi Arcane Marksman began the quest for the
                  | Orb.
     0 | D:1      | Reached XP level 1. HP: 15/15 MP: 2/2
    98 | D:1      | Reached XP level 2. HP: 21/21 MP: 2/4
   442 | D:1      | Reached XP level 3. HP: 26/26 MP: 6/6
  1565 | D:2      | Reached XP level 4. HP: 32/32 MP: 4/8
  1751 | D:2      | Learned a level 3 spell: Portal Projectile
  2490 | D:3      | Reached XP level 5. HP: 37/37 MP: 7/9
  2544 | D:3      | Found a basalt altar of Yredelemnul.
  3393 | D:3      | Slain by a scorpion

Illustrated notes

Levels and vault maps discovered:
D:1:      mrwooster_arrival_statue, layout_basic, skrybe_limestone_x
D:2:      layout_basic, grunt_ministairs_3, hangedman_glass_teeth
D:3:      layout_rooms, old_standard_altar, serial_bayou_pond_c
D:4:      nicolae_cairo_tiling_very_big, layout_loops_ring,
          nicolae_gozag_seed_capital

Skill      XL: |  1  2  3  4 |
---------------+-------------+-----
Spellcasting   | 2 3 |  3.5
Bows           | 3 |  3.9
Fighting       | |  1.2
Dodging        | |  2.1
Hexes          | |  3.7

Action                   |  1- 3 |  4- 6 || total
-------------------------+-------+-------++-------
Melee: Unarmed           |    31 |       ||    31
       Punch             |     1 |       ||     1
 Fire: Shortbow          |   100 |   182 ||   282
 Cast: Slow              |     9 |    32 ||    41
       Portal Projectile |       |     3 ||     3
 Abil: Hop               |     1 |     1 ||     2
  Use: Scroll            |       |     8 ||     8
       Potion            |       |     2 ||     2
Armor: Robe              |    13 |    17 ||    30
Dodge: Dodged            |    37 |    43 ||    80
